 Dungeon Crawl Stone Soup version 0.27-a0-1456-gf5a116941d (webtiles) character file.

Game seed: 11919598174685782434

5 Gwenloh the Grasshopper (level 1, 0/10 HPs)
             Began as a Spriggan Warper on July 6, 2021.
             Frozen to death by an endoplasm (4 damage)
             ... on level 1 of the Dungeon.
             The game lasted 00:01:21 (288 turns).

Gwenloh the Grasshopper (Spriggan Warper)            Turns: 288, Time: 00:01:22

Health: 0/10       AC:  2    Str:  7    XL:     1   Next: 66%
Magic:  5/5        EV: 17    Int: 14    God:
Gold:   10         SH:  0    Dex: 14    Spells: 5/5 levels left

rFire    . . .     SeeInvis +   a - +0 short sword
rCold    . . .     Faith    .   (shield restricted)
rNeg     . . .     Spirit   .   b - +0 robe
rPois    .         Reflect  .   (helmet restricted)
rElec    .         Harm     .   (no cloak)
rCorr    .         Rampage  .   (gloves unavailable)
Will     .....                  (boots unavailable)
Stlth    ++........             (no amulet)
HPRegen  0.03/turn              (no ring)
MPRegen  0.09/turn              (no ring)

@: very quick
A: very small, no large weapons, unfitting armour, see invisible, speed 3
a: no special abilities


You were on level 1 of the Dungeon.
You visited 1 branch of the dungeon, and saw 1 of its levels.

You collected 10 gold pieces.

Inventory:

Hand Weapons
 a - a +0 short sword (weapon)
Missiles
 d - 4 boomerangs of dispersal (quivered)
 f - 18 stones
Armour
 b - a +0 robe (worn)
Scrolls
 c - a scroll of blinking
 e - a scroll of fog {unknown}


   Skills:
 - Level 1.5 Fighting
 + Level 2.3 Short Blades
 - Level 1.0 Throwing
 * Level 3.4 Dodging
 * Level 1.2 Stealth
 - Level 2.6 Spellcasting
 - Level 4.4 Translocations


You had 5 spell levels left.
You didn't know any spells.
Your spell library contained the following spells:

 Spells                   Type           Power      Damage    Failure   Level
 Blink                    Tloc           N/A        N/A       5%          2
 Gell's Gravitas          Tloc           7%         N/A       11%         3
 Lesser Beckoning         Tloc           7%         N/A       11%         3
 Teleport Other           Tloc           14%        N/A       11%         3
 Manifold Assault         Tloc           14%        N/A       71%         5


Dungeon Overview and Level Annotations

Branches:
Dungeon (1/15)

Altars:


Innate Abilities, Weirdness & Mutations

You are very small and have problems with some larger weapons.
You are too small for most types of armour.
You have supernaturally acute eyesight. (SInv)
You cover ground extremely quickly. (Speed+++)


Message History

You kill the bat!
Your Stealth skill increases to level 1!
No target in view!
No target in view!
You start resting.
HP restored.
A bat comes into view.
Found 18 stones.
e - a scroll labelled MEITHE ANTONU
Found 10 gold pieces.
Found a faded altar of an unknown god.
You see here 18 stones.
f - 18 stones
Found a leather armour.
You closely miss the bat. The bat closely misses you.
You closely miss the bat. The bat misses you.
You throw a boomerang of dispersal.
The boomerang of dispersal hits the bat.
The bat blinks!
You kill the bat!
You now have 10 gold pieces.
An endoplasm comes into view.
The endoplasm quivers.
The endoplasm misses you.
You hit the endoplasm but do no damage. The endoplasm freezes you.
You are frozen.
You hit the endoplasm but do no damage. The endoplasm misses you.
You hit the endoplasm.
The endoplasm is lightly wounded.
The endoplasm misses you.
You hit the endoplasm.
The endoplasm is heavily wounded.
The endoplasm freezes you.
You are frozen.
You hit the endoplasm but do no damage.
The endoplasm is heavily wounded.
The endoplasm freezes you.
You are frozen.
You die...

.... .≈.....≈#
....#≈.≈...≈≈.# ##
...#..≈.≈≈≈.≈.. .#
...#...≈.≈≈≈≈≈≈ .##
...#....≈._≈... ..#
...#...≈.≈≈≈≈≈≈ ..#
...#..≈.≈≈≈.≈..#..#
....#≈.≈...≈≈.#.#.#
......≈.....≈#.#@J#
....#.#.....#.##.##
....##.#####.##..#
....##+.....###.##
..........####..#
...............#
..........######
.#####.#### .# #.#


You could see an endoplasm.

Vanquished Creatures
  An endoplasm (D:1)
  A hobgoblin (D:1)
  3 bats (D:1)
5 creatures vanquished.

Notes
Turn   | Place    | Note
-------+----------+-------------------------------------------
     0 | D:1      | Gwenloh the Spriggan Warper began the quest for the Orb.
     0 | D:1      | Reached XP level 1. HP: 10/10 MP: 5/5
   196 | D:1      | Reached skill level 1 in Stealth
   252 | D:1      | Found a faded altar of an unknown god.
   288 | D:1      | Frozen to death by an endoplasm

Illustrated notes

Levels and vault maps discovered:
D:1:      matt_arrival_refuge, layout_basic,
          shapermc_ecumenical_altar_starsandcircs, fountainhead, st_stairs_9

Skill      XL: |  1 |
---------------+----+-----
Stealth        | 1 |  1.2
Fighting       | |  1.5
Short Blades   | |  2.3
Throwing       | |  1.0
Dodging        | |  3.4
Spellcasting   | |  2.6
Translocations | |  4.4

Action                   || total
-------------------------++-------
Melee: Short sword       ||    32
Throw: Boomerang         ||     1
Armor: Robe              ||     8
Dodge: Dodged            ||    26

Table legend: (Time is in decaauts)
 A = Elapsed time spent in this place.
 B = Non-inter-level travel time spent in this place.
 C = Inter-level travel time spent in this place.
 D = Time resting spent in this place.
 E = Time spent auto-exploring this place.
 F = Levels seen in this place.
 G = Mean time per level.
                   A        B        C        D        E       F      G
               +--------+--------+--------+--------+--------+-----+--------+
         Total |    238 |    238 |      0 |    127 |     41 |   1 |  238.0 |
       Dungeon |    238 |    238 |      0 |    127 |     41 |   1 |  238.0 |
               +--------+--------+--------+--------+--------+-----+--------+

Top non-repeatable levels by time:
     D:1: 238 daAuts
